AoeStats
← Walid93

Arabia

510303315Analyzed
1v1 RM · 1d ago on Sep 30, 2026· 97m 46s· 2 players
Game mode
Random Map
Map size
Tiny (2 player)
Population
200
Speed
Normal
Resources
Standard
Victory
Conquest
Starting age
Dark Age
Ending age
Imperial Age
RankedLock teamsTeams togetherTeam positionsShared explorationLock speedFull tech treeHidden civsTurbo modeCheats
Victory
Defeat
🇨🇭 Danes · Switzerland
1126
+15
🇨🇱 Ethiopians · Chile
1113
-15
MAk4v3L1.
5:01 Loom
9:52 Feudal Age
10:42 Double-Bit Axe
21:20 Castle Age
19:50 Fletching
20:00 Padded Archer Armor
21:03 Horse Collar
21:15 Gold Mining
22:36 Wheelbarrow
22:27 Crossbowman
24:31 Bodkin Arrow
32:36 Ballistics
33:18 Leather Archer Armor
34:52 Heavy Plow
42:26 Imperial Age
40:55 Forging
40:50 Scale Barding Armor
43:03 Bow Saw
42:42 Town Watch
42:25 Light Cavalry
44:13 Chemistry
43:37 Arbalester
45:02 Iron Casting
44:48 Chain Barding Armor
46:58 Chain Barding Armor
47:16 Hand Cart
49:00 Hussar
51:17 Blast Furnace
50:17 Bracer
51:26 Conscription
52:50 Husbandry
53:23 Ring Archer Armor
56:32 Two-Man Saw
55:35 Town Patrol
70:24 Elite Skirmisher
75:53 Husbandry
78:52 Thumb Ring
86:35 Heavy Scorpion
94:31 Scale Mail Armor
95:47 Halberdier
Walid93
9:33 Feudal Age
11:04 Loom
14:43 Castle Age
15:16 Double-Bit Axe
19:28 Horse Collar
20:37 Scale Mail Armor
23:32 Chain Mail Armor
23:59 Squires
30:14 Fletching
33:37 Wheelbarrow
32:47 Town Watch
38:54 Imperial Age
37:51 Bodkin Arrow
38:16 Padded Archer Armor
38:14 Elite Skirmisher
39:22 Bow Saw
40:00 Bracer
40:16 Leather Archer Armor
42:12 Chemistry
41:32 Ballistics
41:18 Guard Tower
44:58 Onager
48:21 Plate Mail Armor
48:01 Forging
49:25 Town Watch
49:56 Hand Cart
49:24 Horse Collar
52:14 Elite Jomsviking
54:03 Conscription
53:35 Pikeman
54:51 Halberdier
59:53 Iron Casting
67:49 Arson
67:51 Gambesons
69:08 Blast Furnace
68:51 Siege Onager
74:23 Elite Varangian Guard
82:37 Ring Archer Armor
86:08 Town Patrol
85:43 Capped Ram
88:18 Siege Ram
90:35 Scale Barding Armor
91:41 Bloodlines
91:31 Husbandry
91:52 Chain Barding Armor
91:10 Light Cavalry
95:35 Plate Barding Armor
Connection lost

Rejoining the realm…

Still unreachable

The connection could not be restored.

Session expired

The server has moved on; the page needs a fresh start.